 Dungeon Crawl Stone Soup version 0.28.0-49-g6dfe1f597d (webtiles) character file.

Game seed: 17129421648981527761

1817 Revguard the Chopper (level 9, -1/112 HPs)
             Began as a Hill Orc Fighter on May 11, 2022.
             Was a Follower of Beogh.
             Slain by a vampire mosquito (3 damage)
             ... on level 6 of the Dungeon.
             The game lasted 00:14:04 (6912 turns).

Revguard the Chopper (Hill Orc Fighter)             Turns: 6912, Time: 00:14:05

Health: -1/112     AC: 17    Str: 19    XL:     9   Next: 10%
Magic:  14/14      EV:  8    Int:  8    God:    Beogh [*.....]
Gold:   193        SH:  5    Dex: 14    Spells: 8/8 levels left

rFire   . . .      SeeInvis .   a - +1 war axe
rCold   + . .      Faith    .   c - +0 buckler
rNeg    . . .      Spirit   .   l - +1 storm dragon scales
rPois   .          Reflect  .   p - +0 helmet
rElec   +          Harm     .   i - +2 cloak
rCorr   +          Rampage  .   (no gloves)
Will    .....                   (no boots)
Stlth   ..........              (no amulet)
HPRegen 0.28/turn               o - ring of resist corrosion
MPRegen 0.14/turn               t - ring of protection from cold

@: berserking, very quick
A: no striking features
a: Renounce Religion


You were on level 6 of the Dungeon.
You worshipped Beogh.
Beogh was aware of your devotion.
You visited 2 branches of the dungeon, and saw 7 of its levels.

You collected 193 gold pieces.

Inventory:

Hand Weapons
 a - a +1 war axe (weapon)
Armour
 b - a +0 scale mail
 c - a +0 buckler (worn)
 i - a +2 cloak (worn)
 l - +1 storm dragon scales (worn)
 p - a +0 helmet (worn)
Jewellery
 o - a ring of resist corrosion (left hand)
 s - an amulet of magic regeneration
 t - a ring of protection from cold (right hand)
Wands
 e - a wand of polymorph (7)
 m - a wand of digging (9)
Scrolls
 d - 2 scrolls of teleportation
 g - a scroll of magic mapping
 h - a scroll of vulnerability
 n - 2 scrolls of fear
 q - a scroll of amnesia
Potions
 f - 4 potions of curing
 j - a potion of haste
 k - a potion of cancellation


   Skills:
 + Level 5.9 Fighting
 * Level 7.4 Axes
 + Level 5.3 Armour
 + Level 2.8 Dodging
 + Level 5.1 Shields
 * Level 7.0 Invocations
 + Level 3.4 Evocations


You had 8 spell levels left.
You didn't know any spells.
Your spell library contained the following spells:

 Spells                   Type           Power      Damage    Failure   Level
 Ensorcelled Hibernation  Hex/Ice        0%         N/A       100%        2
 Passwall                 Tmut/Erth      0%         N/A       100%        2
 Call Canine Familiar     Summ           0%         N/A       100%        3
 Dazzling Flash           Conj/Hex       0%         N/A       100%        3
 Portal Projectile        Hex/Tloc       0%         N/A       100%        3
 Swiftness                Air            0%         N/A       100%        3
 Iskenderun's Mystic Bla  Conj/Tloc      0%         2d3       100%        4
 Leda's Liquefaction      Hex/Erth       0%         N/A       100%        4
 Summon Lightning Spire   Summ/Air       0%         N/A       100%        4
 Starburst                Conj/Fire      0%         6d3       100%        6
 Storm Form               Tmut/Air       0%         N/A       100%        7
 Maxwell's Capacitive Co  Air            0%         ∞         100%        8


Dungeon Overview and Level Annotations

Branches:
Dungeon (6/15)             Temple (1/1) D:4

Altars:
Ashenzari
Cheibriados
Dithmenos
Elyvilon
Fedhas
Gozag
Kikubaaqudgha
Makhleb
Nemelex Xobeh
Okawaru
Qazlal
Ru
Sif Muna
Trog
Xom
Zin
The Shining One

Shops:
D:2 [


Message History

Okay, then.
You hit the vampire mosquito.
The vampire mosquito is severely damaged.
The vampire mosquito bites you but does no damage. x2
You barely miss the vampire mosquito.
The vampire mosquito is severely damaged.
The vampire mosquito barely misses you. The vampire mosquito bites you.
* * * LOW HITPOINT WARNING * * *
The vampire mosquito draws strength from your injuries!
A red film seems to cover your vision as you go berserk!
You feel yourself moving faster!
You feel mighty!
The vampire mosquito closely misses you.
The adder bites you but does no damage. The vampire mosquito bites you!
* * * LOW HITPOINT WARNING * * *
The vampire mosquito draws strength from your injuries!
You barely miss the vampire mosquito.
The vampire mosquito is heavily damaged.
You completely miss the adder.
You block the vampire mosquito's attack.
The adder completely misses you.
You completely miss the vampire mosquito.
The vampire mosquito is heavily damaged.
You hit the adder.
You block the vampire mosquito's attack.
The adder closely misses you. The vampire mosquito bites you!
* * * LOW HITPOINT WARNING * * *
The vampire mosquito draws strength from your injuries!
You barely miss the vampire mosquito.
The vampire mosquito is heavily damaged.
You slash the adder!
You kill the adder!
Beogh accepts your kill. The vampire mosquito bites you.
* * * LOW HITPOINT WARNING * * *
The vampire mosquito draws strength from your injuries!
The vampire mosquito completely misses you.
You miss the vampire mosquito.
The vampire mosquito is heavily damaged.
The vampire mosquito bites you.
You die...

........ ......# .#.[
# †....## ... ##.##
....## ##. ... ......
.....#.#...# ##.#
.#... ...........#
..##...#
.#..#......####.....#
...##........##.....#
.####...........@y..#
.# #.........#.#....#
##
#...........##..#.#
.####..........## ..#
............##..# .#
#.†............## ..
##........#....# ..
###......#...... ...
......#.......##


You could see a vampire mosquito.

Vanquished Creatures
  Prince Ribbit (D:5)
  Grinder (D:4)
  An orc warrior (D:6)
  A hornet zombie (D:6)
  A necrophage (D:6)
  2 ogres (D:4)
  Blork the orc (D:5)
  A wyvern skeleton (D:5)
  A scorpion (D:6)
  2 water moccasin zombies (D:5)
  2 water moccasin skeletons
  A bullfrog zombie (D:6)
  A hound (D:5)
  2 orc priests
  A gnoll shaman (D:5)
  4 iguanas
  Crazy Yiuf (D:2)
  Ijyb (D:5)
  3 orc wizards
  7 adders
  6 gnolls
  A shadow imp (D:6)
  A white imp (D:5)
  3 worms
  2 dart slugs (D:1)
  13 orcs
  6 endoplasms
  6 giant cockroaches
  3 goblins (D:3)
  8 hobgoblins
  8 jackals
  2 quokkas
  7 ball pythons
  6 bats
  3 frilled lizards
  6 kobolds
  6 rats
122 creatures vanquished.

Vanquished Creatures (others)
  A kobold brigand (D:3)
  2 orcs (D:3)
  A kobold (D:3)
4 creatures vanquished.

Grand Total: 126 creatures vanquished

Notes
Turn   | Place    | Note
-------+----------+-------------------------------------------
     0 | D:1      | Revguard the Hill Orc Fighter began the quest for the Orb.
     0 | D:1      | Reached XP level 1. HP: 19/19 MP: 1/1
   159 | D:1      | Found a faded altar of an unknown god.
   262 | D:1      | Reached XP level 2. HP: 17/27 MP: 2/2
   263 | D:1      | Reached skill level 1 in Invocations
   950 | D:2      | Reached XP level 3. HP: 30/33 MP: 2/4
  1154 | D:2      | Found a burning altar of Makhleb.
  1216 | D:2      | Reached skill level 1 in Evocations
  1216 | D:2      | Reached XP level 4. HP: 17/40 MP: 5/5
  1680 | D:2      | Found Puabecokk's Armour Emporium.
  1712 | D:2      | Found a runed translucent door.
  1713 | D:2      | Noticed Crazy Yiuf
  2269 | D:2      | Killed Crazy Yiuf
  2270 | D:2      | Reached XP level 5. HP: 36/46 MP: 5/7
  2714 | D:3      | Noticed an orc warrior
  2717 | D:3      | Became a worshipper of Beogh the Brigand
  2814 | D:3      | Killed a kobold brigand
  3423 | D:3      | Reached skill level 1 in Dodging
  3739 | D:4      | Found a shadowy altar of Dithmenos.
  3963 | D:4      | Noticed an ogre
  3972 | D:4      | Killed an ogre
  3973 | D:4      | Reached XP level 6. HP: 41/53 MP: 8/8
  4137 | D:4      | Found a staircase to the Ecumenical Temple.
  4147 | Temple   | Entered the Ecumenical Temple
  4555 | D:4      | Noticed Grinder
  4567 | D:4      | Paralysed by Grinder for 5 turns
  4574 | D:4      | Killed Grinder
  4575 | D:4      | Reached skill level 5 in Axes
  4575 | D:4      | Reached XP level 7. HP: 49/60 MP: 10/10
  4724 | D:5      | Entered Level 5 of the Dungeon
  4914 | D:5      | Noticed Prince Ribbit
  4935 | D:5      | Killed Prince Ribbit
  4936 | D:5      | Reached skill level 5 in Fighting
  4936 | D:5      | Reached skill level 5 in Invocations
  5146 | D:5      | Noticed Blork the orc
  5166 | D:5      | Killed Blork the orc
  5467 | D:5      | Reached XP level 8. HP: 61/68 MP: 10/12
  6008 | D:5      | Noticed Ijyb
  6027 | D:5      | Killed Ijyb
  6279 | D:5      | Reached * piety under Beogh
  6549 | D:6      | Reached skill level 5 in Armour
  6576 | D:6      | Reached skill level 5 in Shields
  6645 | D:6      | Reached XP level 9. HP: 60/75 MP: 14/14
  6910 | D:6      | HP: 2/112 [vampire mosquito (7)]
  6912 | D:6      | Slain by a vampire mosquito

Illustrated notes

Levels and vault maps discovered:
D:1:      lemuel_arrival_tunnels, layout_loops_ring,
          ebering_ecumenical_altar_abandoned
D:2:      layout_basic, basic_altar, serial_curves, eino_curves_04,
          eino_curves_04, eino_curves_03, serial_shops, shop,
          hangedman_feature_mirror, fountainhead, uniq_crazy_yiuf_cottage
D:3:      minmay_door_path, layout_basic, guppyfry_early_orc_mine
D:4:      layout_cave_pools, mainiacjoe_overflow_brackets,
          lemuel_temple_firewalk_b, uniq_grinder
D:5:      minmay_spotlight, layout_gridville, uniq_prince_ribbit1, uniq_ijyb,
          uniq_blork_the_orc
D:6:      layout_cave_pools, minmay_manual_mail
Temple:   eino_temple_scatter_basement

Skill      XL: |  1  2  3  4  5  6  7  8  9 |
---------------+----------------------------+-----
Axes           | 3 4 5 7 |  7.4
Invocations    | 1 2 3 4 5 6 7 |  7.0
Evocations     | 1 2 3 |  3.4
Fighting       | 4 5 |  5.9
Dodging        | 1 2 |  2.8
Armour         | 4 5 |  5.3
Shields        | 4 5 |  5.1

Action                   |  1- 3 |  4- 6 |  7- 9 || total
-------------------------+-------+-------+-------++-------
Melee: War axe           |    73 |   126 |   199 ||   398
       Unarmed           |       |     6 |       ||     6
Invok: Convert to Beogh  |       |     1 |       ||     1
  Use: Scroll            |     5 |     4 |     3 ||    12
       Potion            |       |     4 |     4 ||     8
Armor: Scale mail        |    29 |       |       ||    29
       Storm dragon scal |    21 |    72 |   144 ||   237
       Skin              |       |     2 |       ||     2
Dodge: Dodged            |    41 |    50 |    76 ||   167
Block: Buckler           |    22 |    18 |    58 ||    98
